 Dungeon Crawl Stone Soup version 0.29.1-1-gd02db6906a (webtiles) character file.

Game seed: 6074370820616688032

7317 keekatzer the Changer (level 10, -1/89 (100) HPs)
             Began as a Troll Transmuter on Sept 28, 2022.
             Was an Elder of Cheibriados.
             Slain by a two-headed ogre
             ... wielding a +1 dire flail of draining
              (15 damage)
             ... on level 10 of the Dungeon on Sept 29, 2022.
             The game lasted 00:41:57 (6453 turns).

keekatzer the Changer (Troll Transmuter)            Turns: 6453, Time: 00:41:58

HP:   -1/89 (100)   AC: 11    Str: 29    XL:     10   Next: 90%
MP:   11/15         EV: 15    Int: 18    God:    Cheibriados [****..]
Gold: 730           SH:  2    Dex: 23    Spells: 8/17 levels left

rFire   . . .      SeeInvis +     - Unarmed
rCold   . . .      Faith    .   (no shield)
rNeg    . . .      Spirit   .   C - +2 robe
rPois   .          Reflect  .   (helmet restricted)
rElec   .          Harm     .   L - +2 cloak
rCorr   .          Rampage  .   (gloves unavailable)
Will    .....                   (boots unavailable)
Stlth   ++........              N - amulet of regeneration
HPRegen 1.84/turn               k - ring of see invisible
MPRegen 0.14/turn               D - ring of the Octopus King {HP+2 AC+2 EV+2 SH+2 SInv}

@: very slightly contaminated, heavily drained, very slow
A: large, unfitting armour, claws 3, regeneration 1, shaggy fur 1, tough skin 1
a: Renounce Religion, Bend Time, Temporal Distortion, Slouch


You were on level 10 of the Dungeon.
You worshipped Cheibriados.
Cheibriados was greatly pleased with you.
You visited 2 branches of the dungeon, and saw 11 of its levels.
You also visited: Sewer.

You collected 730 gold pieces.

Inventory:

Hand Weapons
 E - the +7 Throatcutter {drain, coup de grace}
   (You found it on level 7 of the Dungeon)

   A truly terrible weapon, it drains the life of any living foe it strikes.
   It may instantly kill foes which have little health.
 I - a +3 vorpal morningstar
Missiles
 J - a throwing net
Armour
 C - a +2 robe (worn)
 L - a +2 cloak (worn)
Jewellery
 i - an amulet of magic regeneration
 k - a ring of see invisible (left claw)
 t - a ring of fire
 w - a ring of flight
 D - a ring of the Octopus King (right claw) {HP+2 AC+2 EV+2 SH+2 SInv}
   (You found it on level 6 of the Dungeon)

   [ring of see invisible]

   AC:        It affects your AC (+2).
   EV:        It affects your evasion (+2).
   HP:        It affects your health (+2).
   SInv:      It lets you see invisible.
   SH:        It affects your SH (+2).
 N - an amulet of regeneration (around neck)
Wands
 A - a wand of charming (14)
 H - a wand of flame (20)
 K - a wand of mindburst (9)
Scrolls
 a - 2 scrolls of fear {unknown}
 d - 8 scrolls of identify {unknown}
 e - a scroll of vulnerability {unknown}
 f - 2 scrolls of teleportation {unknown}
 g - 2 scrolls of noise {unknown}
 j - a scroll of torment {unknown}
 p - a scroll of magic mapping {unknown}
 s - 2 scrolls of enchant weapon {unknown}
 u - a scroll of immolation {unknown}
 x - 2 scrolls of enchant armour {unknown}
 y - a scroll of amnesia {unknown}
 M - a scroll of blinking {unknown}
Potions
 b - a potion of lignification
 c - 8 potions of heal wounds {unknown}
 h - 2 potions of berserk rage {unknown}
 l - 2 potions of flight {unknown}
 m - 2 potions of might {unknown}
 n - a potion of brilliance {unknown}
 o - a potion of mutation {unknown}
 q - a potion of invisibility {unknown}
 r - 2 potions of resistance {unknown}
 v - 2 potions of curing {unknown}
 z - 3 potions of attraction {unknown}
 B - 2 potions of magic {unknown}
 F - 2 potions of haste {unknown}
 G - a potion of ambrosia {unknown}


   Skills:
 + Level 5.8 Fighting
 + Level 5.3 Dodging
 + Level 6.8 Unarmed Combat
 + Level 4.0 Spellcasting
 + Level 6.9 Transmutations
 - Level 5.0 Ice Magic


You had 8 spell levels left.
You knew the following spells:

 Your Spells              Type           Power      Damage    Failure   Level
a - Beastly Appendage     Tmut           56%        N/A       1%          1
b - Wereblood             Tmut           28%        N/A       1%          2
c - Ice Form              Ice/Tmut       25%        N/A       13%         4
d - Passwall              Tmut/Erth      13%        N/A       5%          2

Your spell library contained the following spells:

 Spells                   Type           Power      Damage    Failure   Level
 Ensorcelled Hibernation  Hex/Ice        24%        N/A       8%          2
 Spider Form              Tmut/Pois      16%        N/A       11%         3
 Summon Small Mammal      Summ           12%        N/A       14%         1
 Sublimation of Blood     Necr           3%         N/A       22%         2
 Call Canine Familiar     Summ           3%         N/A       41%         3
 Summon Guardian Golem    Hex/Summ       3%         N/A       41%         3
 Swiftness                Air            3%         N/A       41%         3
 Summon Hydra             Summ           1%         N/A       100%        7


Dungeon Overview and Level Annotations

Branches:
Dungeon (10/15)            Temple (1/1) D:4           Sewer (visited)
   Lair: D:8-11         Orc: D:9-12

Altars:
Ashenzari
Cheibriados
Dithmenos
Elyvilon
Fedhas
Gozag
Hepliaklqana
Kikubaaqudgha
Makhleb
Nemelex Xobeh
Okawaru
Qazlal
Ru
Sif Muna
Trog
Uskayaw
Vehumet
Wu Jian
Xom
Yredelemnul
Zin
The Shining One

Shops:
D:1 =

Annotations:
D:7 1 runed translucent door, xian's ghost, novice TrBr


Innate Abilities, Weirdness & Mutations

You are too large for most types of armour.
You have claws for hands.
Your natural rate of healing is unusually fast.
You are covered in fur. (AC +1)
You have tough skin. (AC +1)


Message History

You finish putting on your amulet of regeneration.
The amulet throbs as it attunes itself to your uninjured body.
N - an amulet of regeneration (around neck)
A two-headed ogre comes into view.
It is wielding a +1 dire flail of draining and a +0 giant club.
The two-headed ogre shouts in stereo!
The two-headed ogre hits you with a +1 dire flail of draining!
You feel drained. The two-headed ogre barely misses you.
Casting: Ice Form (dangerous; 13% risk of failure)
Confirm with . or Enter, or press ? or * to list all spells.
You miscast Ice Form.
You are very lightly contaminated with residual magic.
Nothing appears to happen.
The two-headed ogre hits you with a +1 dire flail of draining!!
You feel drained.
The two-headed ogre hits you with a +0 giant club!!
Okay, then.
Okay, then.
Aiming: Charm
Press: ? - help, Shift-Dir - straight line, f - two-headed ogre
Aim: a two-headed ogre, wielding a +1 dire flail of draining and a +0 giant club (chance to affect: 31%)
Okay, then.
Aiming: Charm
Press: ? - help, Shift-Dir - straight line, f - two-headed ogre
Aim: a two-headed ogre, wielding a +1 dire flail of draining and a +0 giant club (chance to affect: 31%)
The two-headed ogre easily resists.
The two-headed ogre hits you with a +1 dire flail of draining!!
* * * LOW HITPOINT WARNING * * *
You feel drained.
* * * LOW HITPOINT WARNING * * *
The two-headed ogre barely misses you.
Aiming: Charm
Press: ? - help, Shift-Dir - straight line, f/p - two-headed ogre
Aim: a two-headed ogre, wielding a +1 dire flail of draining and a +0 giant club (chance to affect: 31%)
The two-headed ogre easily resists.
Aiming: Charm
Press: ? - help, Shift-Dir - straight line, f/p - two-headed ogre
Aim: a two-headed ogre, wielding a +1 dire flail of draining and a +0 giant club (chance to affect: 31%)
The two-headed ogre easily resists.
The two-headed ogre hits you with a +1 dire flail of draining!
You die...

.# .8 .## ..# ..##
?..($ ...# <.....
###...### .......
#.@O....# .......
#.####### .......
#.#8###8###. ......
#........##.###...)
#........8#.......#
#........## #..#...
###8##...# #...#.
####...## ##..#)
#8...⌠# ####...


You could see a two-headed ogre.

Vanquished Creatures
  Pikel (D:8)
  An ice statue (D:9)
  A gargoyle (D:10)
  A kobold demonologist (D:10)
  2 hornets
  A troll (D:8)
  A wyvern (D:10)
  A steam dragon (D:8)
  7 yaks
  2 wraiths (D:9)
  2 swamp worms (D:8)
  2 ice beasts
  A black bear (D:6)
  The ghost of Gurantaxtaxq the Shield-Bearer, an amateur MiFi (D:4)
  3 orc warriors
  3 sky beasts
  2 centaurs
  Blork the orc (D:5)
  7 kobold brigands
  6 bullfrogs
  2 necrophages
  2 scorpions
  2 gnoll sergeants (D:9)
  7 wights
  A howler monkey (D:9)
  2 hounds
  2 orc priests
  3 jellies
  3 iguanas
  3 orc wizards
  A mummy (D:5)
  8 adders
  14 gnolls
  A river rat (D:4)
  3 shadow imps
  An ufetubus (D:6)
  2 worms
  2 dart slugs
  26 orcs
  An endoplasm (D:3)
  13 giant cockroaches
  5 goblins
  7 hobgoblins
  10 jackals
  5 quokkas
  7 ball pythons
  3 bats
  7 frilled lizards
  A hobgoblin zombie (D:5)
  27 kobolds
  3 kobold zombies (D:5)
  10 rats
230 creatures vanquished.

Vanquished Creatures (others)
  8 fungi
  8 plants
  3 toadstools (D:5)
19 creatures vanquished.

Grand Total: 249 creatures vanquished

Notes
Turn   | Place    | Note
-------+----------+-------------------------------------------
     0 | D:1      | keekatzer the Troll Transmuter began the quest for the Orb.
     0 | D:1      | Reached XP level 1. HP: 18/18 MP: 1/1
    20 | D:1      | Reached skill level 1 in Fighting
   334 | D:1      | Reached XP level 2. HP: 28/28 MP: 2/2
   394 | D:1      | Learned a level 2 spell: Wereblood
   603 | D:1      | Found Umerasac's One-of-a-Kind Rings.
   793 | D:2      | Reached XP level 3. HP: 24/36 MP: 3/3
  1138 | D:2      | Found a faded altar of an unknown god.
  1388 | D:3      | Reached XP level 4. HP: 43/44 MP: 5/5
  1418 | D:3      | Reached skill level 1 in Ice Magic
  1456 | D:3      | Reached XP level 5. HP: 36/50 MP: 6/6
  1527 | D:3      | Found a glowing drain.
  1554 | Sewer    | Entered a sewer
  1562 | Sewer    | Learned a level 4 spell: Ice Form
  1664 | Sewer    | Reached XP level 6. HP: 18/59 MP: 8/8
  1852 | Sewer    | Reached XP level 7. HP: 62/66 MP: 9/9
  2298 | D:4      | Found a staircase to the Ecumenical Temple.
  2309 | Temple   | Entered the Ecumenical Temple
  2392 | Temple   | Became a worshipper of Cheibriados the Contemplative
  2437 | D:4      | Found an opulent altar of Gozag.
  2607 | D:4      | Found a shadowy altar of Dithmenos.
  2649 | D:4      | Found a runed translucent door.
  2657 | D:4      | Noticed Gurantaxtaxq's ghost (amateur MiFi)
  2687 | D:4      | Killed Gurantaxtaxq's ghost
  2700 | D:4      | Found a runed translucent door.
  3003 | D:5      | Entered Level 5 of the Dungeon
  3545 | D:5      | Reached * piety under Cheibriados
  3692 | D:5      | Noticed Blork the orc
  3705 | D:5      | Killed Blork the orc
  3781 | D:6      | Reached XP level 8. HP: 58/74 MP: 11/11
  3864 | D:6      | Found a white marble altar of Elyvilon.
  3931 | D:6      | Found a shimmering blue altar of Sif Muna.
  4037 | D:6      | Found the ring of the Octopus King
  4044 | D:6      | Identified a ring of the Octopus King {HP+2 AC+2 EV+2 SH+2
                  | SInv}
  4092 | D:6      | Reached skill level 5 in Transmutations
  4104 | D:6      | Reached skill level 5 in Ice Magic
  4453 | D:7      | Found the +7 Throatcutter {drain, coup de grace}
  4461 | D:7      | Reached ** piety under Cheibriados
  4476 | D:7      | Reached XP level 9. HP: 83/83 MP: 12/12
  4678 | D:7      | Found a runed translucent door.
  4683 | D:7      | Noticed xian's ghost (novice TrBr)
  4823 | D:8      | Noticed Pikel
  4841 | D:8      | Killed Pikel
  4842 | D:8      | Reached skill level 5 in Unarmed Combat
  4904 | D:8      | Learned a level 2 spell: Passwall
  5084 | D:8      | Found a glowing silver altar of Zin.
  5101 | D:8      | Noticed a troll
  5107 | D:8      | Killed a troll
  5162 | D:8      | Reached XP level 10. HP: 69/94 MP: 13/13
  5416 | D:9      | Reached skill level 5 in Fighting
  5468 | D:9      | Found an iron altar of Okawaru.
  5530 | D:9      | Reached *** piety under Cheibriados
  5827 | D:9      | Found a radiant altar of Vehumet.
  5964 | D:9      | Noticed an ice statue
  6018 | D:9      | Killed an ice statue
  6132 | D:10     | Entered Level 10 of the Dungeon
  6184 | D:10     | Reached skill level 5 in Dodging
  6204 | D:10     | Reached **** piety under Cheibriados
  6290 | D:10     | Noticed a gargoyle
  6296 | D:10     | Killed a gargoyle
  6358 | D:10     | Found a blossoming altar of Fedhas.
  6448 | D:10     | Noticed a two-headed ogre
  6453 | D:10     | Slain by a two-headed ogre

Illustrated notes

Levels and vault maps discovered:
D:1:      amcnicky_arrival_double_pillar, layout_basic,
          nicolae_shop_unique_rings
D:2:      layout_rooms, shapermc_ecumenical_altar_mp_urbaneastern
D:3:      layout_loops_ring, gup_sewer_entry_pipe,
          ebering_dispersal_statue_hall, corner_web_ring, nrook_campfire,
          kennysheep_generic_room_10
D:4:      layout_basic, lemuel_coloured_pillars_altar,
          nicolae_dithmenos_shadow_blocks, minmay_temple_entry_stoned_glass,
          ebering_ghost_sewer_f, minmay_misc_feat_room, grunt_ministairs_4
D:5:      layout_basic, chequers_serial_rivers_micro_d,
          wad_floor_pattern_untrapped, minmay_misc_feat_diagonals,
          dk_noncrumbling_4, minmay_gold_behind_fungi, minmay_mini_ossuary,
          uniq_blork_the_orc
D:6:      layout_gridville, nicolae_sif_muna_condensation, elyvilon_altar_4,
          chequers_serial_rivers_micro_d
D:7:      layout_cave_pools, ebering_ghost_reflecting_pool
D:8:      layout_basic, zin_scriptorium, worms_lemuel, uniq_pikel
D:9:      lemuel_ice_statue, layout_gridville, mainiacjoe_overflow_tiny_flanked,
          okawaru_metal_pillars_1_2
D:10:     layout_rooms, mainiacjoe_overflow_alcove_1, orc_0_dummy,
          serial_corexii_hall, corexii_hall_statues_s, corexii_hall_statues_s,
          corexii_hall_statues_t
Temple:   jpeg_temple_clearing

Skill      XL: |  1  2  3  4  5  6  7  8  9 10 |
---------------+-------------------------------+-----
Fighting       | 1 2 3 4 5 |  5.8
Ice Magic      | 1 2 3 5 |  5.0
Transmutations | 2 3 4 5 6 |  6.9
Spellcasting   | 2 3 4 |  4.0
Dodging        | 2 4 5 |  5.3
Unarmed Combat | 5 6 |  6.8

Action                   |  1- 3 |  4- 6 |  7- 9 | 10-12 || total
-------------------------+-------+-------+-------+-------++-------
Melee: Unarmed           |   141 |   133 |   327 |   140 ||   741
       Headbutt          |     2 |     2 |    15 |       ||    19
       Kick              |     6 |     3 |    11 |       ||    20
       Punch             |     3 |       |     9 |     2 ||    14
 Cast: Beastly Appendage |     3 |     4 |    12 |       ||    19
       Wereblood         |       |     3 |    10 |     5 ||    18
       Ice Form          |       |       |    10 |    14 ||    24
Evoke: Wand              |       |       |       |     3 ||     3
 Stab: Sleeping          |     1 |     1 |     2 |       ||     4
Armor: Robe              |    51 |    44 |    71 |     4 ||   170
       Skin              |       |       |    27 |    28 ||    55
Dodge: Dodged            |    72 |    77 |   186 |    82 ||   417
Block: Other             |       |       |     9 |     8 ||    17
